Map: Ley Lines

Players

Cybertonin

  • Race: Protoss Protoss
  • League: Master
  • Spawn Location: 7:00

ManlyManMeat - Winner!

  • Race: Protoss Protoss
  • League: Diamond
  • Spawn Location: 1:00

VOD

Have the link to the VOD?

Description

Time

  • Played on: Sept. 19, 2025, 6:09 p.m.
  • Length: 15:42
Show
View Real Time Build Order
Export as new Build Order

Cybertonin Protoss 

Build Orders: Zealot Archon, Dark Templar Rush 

Get SALT Encoding   

  12  0:00  Probe  
  13  0:09  Probe  
  14  0:18  Probe  
  15  0:27  Pylon  
  15  0:45  Probe  
  15  0:47  Gateway  
  16  0:55  Assimilator  
  16  0:57  Probe  
  17  1:05  Probe  
  17  1:08  Assimilator  
  18  1:13  Probe  
  19  1:18  Pylon  
  19  1:24  Probe  
  20  1:36  Probe  
  20  1:38  Cybernetics Core  
  21  1:48  Probe  
  22  2:00  Probe  
  23  2:02  Forge  
  23  2:11  Pylon  
  23  2:12  Probe  
  23  2:13  Warp Gate  
  24  2:23  Probe  
  24  2:25  Twilight Council  
  25  2:31  Probe  
  26  2:39  Probe  
  27  2:49  Photon Cannon  
  27  2:51  Probe, Assimilator  
  28  2:54  Photon Cannon  
  28  2:55  Gateway  
  28  2:58  Photon Cannon  
  28  3:04  Probe  
  29  3:10  Dark Shrine  
  29  3:20  Probe  
  29  3:23  Pylon  
  30  3:33  Probe  
  31  3:42  Photon Cannon  
  31  3:47  Photon Cannon  
  31  3:51  Gateway  
  31  4:00  Pylon  
  30  4:11  Photon Cannon  
  30  4:18  Photon Cannon  
  30  4:26  Dark Templar  
  32  4:32  Dark Templar  
  34  4:41  Pylon  
  33  5:00  Gateway x2  
  33  5:05  Gateway  
  33  5:09  Probe  
  33  5:12  Shadow Stride  
  34  5:17  Charge  
  34  5:21  Probe  
  35  5:34  Probe  
  36  5:38  Dark Templar  
  38  5:45  Dark Templar  
  38  5:46  Probe  
  41  5:59  Probe  
  42  6:06  Dark Templar  
  42  6:07  Dark Templar  
  42  6:08  Dark Templar  
  48  6:22  Dark Templar  
  48  6:25  Dark Templar  
  50  6:59  Dark Templar  
  50  7:05  Archon x3  
  48  7:10  Nexus  
  48  7:13  Dark Templar  
  50  7:17  Archon  
  50  7:26  Dark Templar  
  50  7:38  Pylon  
  50  7:41  Photon Cannon  
  50  7:44  Shield Battery  
  50  7:49  Pylon  
  50  7:50  Stalker  
  50  7:51  Stalker  
  54  7:58  Pylon  
  54  8:01  Stalker  
  56  8:07  Protoss Ground Armor Level 1  
  56  8:13  Stalker x2  
  56  8:18  Probe  
  60  8:26  Probe  
  62  8:39  Photon Cannon  
  62  8:42  Blink  
  62  8:50  Photon Cannon  
  62  8:53  Photon Cannon  
  62  9:03  Probe  
  62  9:07  Assimilator  
  63  9:13  Shield Battery  
  63  9:15  Probe  
  64  9:17  Stalker  
  64  9:23  Pylon  
  66  9:27  Stalker  
  68  9:47  Probe  
  69  9:54  Stalker x3  
  69  9:58  Protoss Shields Level 1  
  69  9:59  Probe  
  74  10:17  Stalker x2  
  74  10:18  Stalker x3  
  84  10:42  Nexus  
  84  10:46  Stalker x2  
  88  11:01  Photon Cannon  
  88  11:03  Photon Cannon  
  88  11:08  Dark Templar  
  88  11:09  Dark Templar  
  92  11:15  Dark Templar  
  94  11:24  Probe  
  95  11:36  Probe  
  96  11:48  Probe  
  97  12:00  Probe  
  98  12:04  Protoss Ground Weapons Level 1  
  96  12:12  Probe  
  97  12:23  Stalker  
  97  12:24  Probe, Stalker x3  
  97  12:25  Stalker  
  108  12:33  Probe  
  109  12:41  Probe  
  109  12:45  Stargate  
  109  12:46  Stargate  
  109  12:51  Probe, Stargate  
  110  12:55  Probe  
  112  12:59  Photon Cannon, Assimilator  
  112  13:02  Photon Cannon  
  112  13:03  Probe  
  112  13:04  Pylon  
  113  13:07  Probe  
  114  13:15  Probe  
  114  13:19  Probe  
  116  13:27  Probe  
  116  13:28  Forge  
  116  13:29  Archon  
  116  13:32  Probe  
  118  13:39  Probe  
  117  13:44  Probe  
  110  13:51  Stalker  
  110  13:52  Stalker x2  
  110  13:53  Stalker x2  
  106  14:19  Stalker x4  
  106  14:20  Stalker  
  76  14:42  Stalker  
  76  14:43  Stalker x4  
  80  14:52  Void Ray  
  70  14:56  Void Ray x2  
  67  15:17  Photon Cannon  
  53  15:25  Photon Cannon  
  53  15:29  Photon Cannon  
  53  15:34  Pylon  
Show
View Real Time Build Order
Export as new Build Order

ManlyManMeat Protoss - Winner!

Build Orders: Carriers 

Get SALT Encoding   

  12  0:04  Probe  
  13  0:22  Probe  
  14  0:32  Pylon  
  14  0:35  Probe  
  15  0:48  Probe  
  15  0:52  Gateway  
  15  0:54  Gateway  
  15  0:56  Probe  
  17  1:05  Probe  
  17  1:08  Assimilator  
  18  1:16  Probe  
  19  1:20  Assimilator  
  19  1:24  Probe  
  19  1:32  Probe  
  21  1:40  Cybernetics Core  
  21  1:43  Probe  
  22  1:55  Probe  
  23  2:08  Pylon  
  23  2:14  Warp Gate  
  23  2:16  Nexus  
  23  2:28  Stalker  
  23  2:33  Stalker  
  27  2:47  Pylon  
  27  2:55  Stalker  
  29  3:07  Stalker  
  31  3:17  Pylon  
  31  3:26  Stargate  
  31  3:30  Probe  
  31  3:32  Probe  
  32  3:38  Probe, Stalker  
  32  3:40  Probe  
  33  3:47  Probe  
  37  3:49  Probe  
  39  4:01  Probe  
  40  4:14  Stalker  
  42  4:18  Probe  
  42  4:21  Probe  
  42  4:22  Fleet Beacon  
  44  4:28  Stalker  
  46  4:33  Pylon, Probe  
  47  4:48  Stalker  
  47  4:51  Protoss Air Weapons Level 1  
  47  4:52  Stalker  
  51  5:00  Probe x2  
  51  5:02  Assimilator  
  51  5:03  Assimilator  
  51  5:06  Tempest  
  53  5:11  Stalker  
  53  5:12  Probe  
  60  5:21  Probe  
  60  5:24  Probe  
  62  5:37  Zealot  
  62  5:38  Probe x2  
  62  5:39  Robotics Facility  
  66  5:50  Probe x2  
  66  5:51  Stalker  
  70  6:01  Pylon x2  
  70  6:20  Tempest  
  70  6:22  Stalker x2  
  68  6:29  Observer  
  67  6:50  Stalker  
  69  6:59  Probe  
  69  7:00  Probe  
  65  7:02  Nexus  
  65  7:05  Pylon  
  65  7:07  Pylon  
  65  7:08  Probe x2  
  67  7:16  Pylon  
  67  7:18  Pylon  
  67  7:23  Carrier  
  73  7:39  Probe x2  
  73  7:42  Assimilator  
  73  7:43  Assimilator  
  75  7:47  Probe  
  75  7:48  Probe  
  75  7:49  Protoss Air Weapons Level 2  
  75  7:53  Observer  
  75  7:57  Probe x2  
  78  8:02  Stalker  
  82  8:06  Pylon x2  
  82  8:09  Probe x2  
  82  8:10  Probe  
  85  8:21  Probe x2  
  87  8:28  Zealot  
  87  8:33  Probe  
  90  8:35  Forge  
  90  8:36  Forge  
  90  8:37  Shield Battery  
  90  8:40  Carrier  
  90  8:43  Probe x2  
  90  8:45  Probe  
  93  8:51  Stalker x2  
  103  9:05  Unknown  
  103  9:08  Probe x3  
  106  9:10  Observer  
  106  9:21  Pylon, Nexus  
  106  9:29  Carrier  
  106  9:41  Pylon  
  106  9:42  Pylon  
  112  9:48  Gateway x2  
  112  9:51  Gateway, Stalker x2  
  112  9:52  Gateway  
  115  10:15  Carrier  
  115  10:28  Stargate  
  115  10:29  Gateway, Protoss Ground Weapons Level 1  
  115  10:31  Gateway  
  115  10:33  Gateway  
  121  10:35  Gateway  
  121  10:39  Gateway  
  121  10:41  Protoss Ground Armor Level 1  
  121  10:49  Probe x3  
  124  10:50  Protoss Air Weapons Level 3  
  124  10:51  Probe  
  125  10:57  Probe  
  125  11:01  Probe x2  
  125  11:02  Stalker x3  
  125  11:03  Probe, Stalker x2  
  139  11:08  Carrier  
  139  11:11  Assimilator  
  139  11:14  Assimilator  
  145  11:42  Carrier  
  145  11:52  Observer  
  139  12:03  Probe x3, Zealot  
  139  12:04  Probe  
  144  12:12  Carrier  
  150  12:21  Probe  
  150  12:22  Probe x2  
  150  12:23  Pylon  
  150  12:27  Probe  
  150  12:29  Photon Cannon  
  154  12:30  Probe x2  
  154  12:31  Photon Cannon  
  154  12:32  Photon Cannon  
  154  12:36  Photon Cannon, Carrier  
  156  12:38  Probe  
  156  12:39  Probe, Photon Cannon  
  156  12:40  Probe  
  156  12:43  Probe  
  160  12:51  Probe  
  166  12:54  Pylon x2  
  166  12:55  Probe x3  
  166  12:58  Protoss Shields Level 1  
  170  13:06  Carrier  
  170  13:11  Pylon  
  176  13:26  Zealot x3  
  176  13:27  Zealot  
  184  13:38  Carrier  
  190  13:59  Anion Pulse-Crystals  
  190  14:01  Carrier  
  174  14:26  Stalker x9  
  190  14:35  Carrier  
  186  15:20  Zealot x5  
  196  15:26  Pylon  
  196  15:28  Pylon  
Tags
 
Add a new tag
Caveats
  • Supply blocks, unpowered buildings, or Contaminate may cause inaccurate times.
  • Supply counts are checked every 10 seconds.